 Dungeon Crawl Stone Soup version 0.20.1-1-g8b1a95d (webtiles) character file.

185 manyhoops the Gusty (level 5, -1/38 HPs)
             Began as a Demigod Air Elementalist on Aug 20, 2017.
             Slain by a scorpion (4 damage)
             ... on level 3 of the Dungeon.
             The game lasted 00:06:28 (3657 turns).

manyhoops the Gusty (Demigod Air Elementalist)      Turns: 3657, Time: 00:06:29

Health: -1/38      AC:  2    Str: 11    XL:     5   Next: 14%
Magic:  9/12       EV: 12    Int: 24    God:
Gold:   186        SH:  0    Dex: 16    Spells: 0/10 levels left

rFire    + . .     SeeInvis .   r - +4 short sword
rCold    + . .     Gourm    .   (no shield)
rNeg     . . .     Faith    .   a - +0 robe
rPois    +         Spirit   .   (no helmet)
rElec    +         Reflect  .   (no cloak)
rCorr    +         Harm     .   (no gloves)
MR       .....                  (no boots)
Stlth    ++........             (no amulet)
Regen    0.2/turn               q - +3 ring of intelligence
MPRegen  0.2/turn               c - ring of wizardry

@: lethally poisoned (-1 -> -9), resistant
A: high mp 1
a: no special abilities


You were on level 3 of the Dungeon.
You were not hungry.

You visited 1 branch of the dungeon, and saw 4 of its levels.

You collected 186 gold pieces.

Inventory:

Hand Weapons
 r - a +4 short sword (weapon)
Armour
 a - a +0 robe (worn)
Jewellery
 c - a ring of wizardry (right hand)
 q - a +3 ring of intelligence (left hand)
Scrolls
 f - a scroll of teleportation {unknown}
 h - a scroll of enchant weapon {unknown}
 i - a scroll of magic mapping
 k - a scroll of random uselessness {unknown}
 l - 2 scrolls of remove curse
 n - a scroll of recharging
 p - a scroll of enchant armour
 s - a scroll of noise {unknown}
 t - a scroll of immolation
 w - a scroll of amnesia {unknown}
Potions
 e - a potion of heal wounds {unknown}
 g - a potion of brilliance {unknown}
 j - a potion of lignification {unknown}
 o - a potion of agility {unknown}
 v - a potion of ambrosia {unknown}
Books
 b - a book of Air

   Spells                             Type                      Level
   a - Shock                          Conjuration/Air              1
   b - Swiftness                      Charms/Air                   2
   c - Static Discharge               Conjuration/Air              3
   d - Airstrike                      Air                          4
   e - Lightning Bolt                 Conjuration/Air              5
Comestibles
 u - 2 bread rations
 z - a meat ration


   Skills:
 - Level 1.7 Dodging
 - Level 1.7 Stealth
 + Level 3.2 Spellcasting
 * Level 2.2 Conjurations
 + Level 4.0 Air Magic


You couldn't memorise any spells.
You knew the following spells:

 Your Spells              Type           Power        Failure   Level  Hunger
a - Shock                 Conj/Air       ###.         1%          1    None
b - Swiftness             Chrm/Air       ##......     2%          2    ##.....
c - Static Discharge      Conj/Air       ###.....     3%          3    ###....
d - Airstrike             Air            ###.......   9%          4    ####...


Dungeon Overview and Level Annotations

Branches:
Dungeon (4/15)
 Temple: D:4-7


Innate Abilities, Weirdness & Mutations

You have an increased reservoir of magic. (+10% MP)


Message History

Unknown command.
Unknown command.
Unknown command.
Casting: Shock
Confirm with . or Enter, or press ? or * to list all spells.
The scorpion is struck by lightning.
The scorpion is moderately wounded.
The lightning arcs!
You are struck by lightning.
The lightning grounds out.
The quokka bites you. The gnoll misses you. The scorpion stings you!
* * * LOW HITPOINT WARNING * * *
You are poisoned.
The scorpion poisons you!
Unknown command.
Unknown command.
It was a potion of resistance.
You feel protected.
You feel sick. The quokka barely misses you. The gnoll hits you with a spear!
* * * LOW HITPOINT WARNING * * *
The scorpion stings you.
You die...

####### #.....#
#.....# #.....#
##########.....#
.........'.....#
##########.....#####
...............r@s.##
................g...#
#############..#.#..#
........# ##.#.#..#
#######.# #.#.#†.#
#.# #.#.#..# ####.###
#...#..# #).....#
##..#..# ####......#
#..#..#


You could see a scorpion, a gnoll and a quokka.

Vanquished Creatures
  An orc priest (D:3)
  2 adders (D:3)
  4 oozes
  2 worms (D:2)
  2 dart slugs
  5 leopard geckos
  12 orcs (D:3)
  2 ball pythons
  6 giant cockroaches
  8 hobgoblins
  2 jackals (D:1)
  11 bats
  9 frilled lizards
  10 goblins
  10 kobolds
  8 rats
94 creatures vanquished.

Notes
Turn   | Place    | Note
-------+----------+-------------------------------------------
     0 | D:1      | manyhoops the Demigod Air Elementalist began the quest for the Orb.
     0 | D:1      | Reached XP level 1. HP: 14/14 MP: 5/5
     6 | D:1      | Noticed a black bear
     6 | D:1      | Noticed an anaconda
     7 | D:1      | Noticed a swamp drake
   118 | D:1      | Reached skill level 1 in Conjurations
   129 | D:1      | Reached skill level 3 in Air Magic
   271 | D:1      | Reached XP level 2. HP: 20/20 MP: 4/7
   708 | D:1      | Reached XP level 3. HP: 18/26 MP: 0/9
  2401 | D:3      | Reached XP level 4. HP: 33/33 MP: 4/10
  3416 | D:3      | Reached skill level 4 in Air Magic
  3416 | D:3      | Reached XP level 5. HP: 27/38 MP: 3/12
  3424 | D:3      | Learned a level 2 spell: Swiftness
  3428 | D:3      | Learned a level 3 spell: Static Discharge
  3433 | D:3      | Learned a level 4 spell: Airstrike
  3622 | D:4      | Noticed an ogre
  3657 | D:3      | Slain by a scorpion

Skill      XL: |  1  2  3  4 |
---------------+-------------+-----
Conjurations   | 1 2 |  2.2
Air Magic      | 3 4 |  4.0
Spellcasting   | 2 3 |  3.2
Dodging        | |  1.7
Stealth        | |  1.7

Action                   |  1- 3 |  4- 6 || total
-------------------------+-------+-------++-------
Melee: Dagger            |     4 |       ||     4
       Spear             |    53 |       ||    53
       Short sword       |    22 |    30 ||    52
 Cast: Shock             |    70 |    71 ||   141
       Static Discharge  |       |     1 ||     1
  Use: Scroll            |     3 |     4 ||     7
       Potion            |       |     1 ||     1
 Stab: Sleeping          |     5 |       ||     5
       Distracted        |     1 |       ||     1
  Eat: Chunk             |     2 |     2 ||     4
       Bread ration      |     1 |       ||     1
       Royal jelly       |       |     1 ||     1
Armor: Robe              |    13 |     5 ||    18
Dodge: Dodged            |    41 |    40 ||    81
